 Dungeon Crawl Stone Soup version 0.28.0-53-g5a82cb258f (webtiles) character file.

Game seed: 10957696306540714235

252 mcbry74 the Ruffian (level 5, -5/53 HPs)
             Began as a Troll Fighter on July 13, 2022.
             Slain by a gnoll
             ... wielding a +0 spear
              (8 damage)
             ... on level 3 of the Dungeon.
             The game lasted 00:06:06 (2467 turns).

mcbry74 the Ruffian (Troll Fighter)                 Turns: 2467, Time: 00:06:07

Health: -5/53      AC:  4    Str: 30    XL:     5   Next: 89%
Magic:  4/4        EV:  9    Int:  6    God:
Gold:   80         SH:  7    Dex:  9    Spells: 4/4 levels left

rFire   . . .      SeeInvis .     - Unarmed
rCold   . . .      Faith    .   b - +0 kite shield
rNeg    . . .      Spirit   .   a - +0 robe
rPois   .          Reflect  .   (helmet restricted)
rElec   .          Harm     .   (no cloak)
rCorr   .          Rampage  .   (gloves unavailable)
Will    .....                   (boots unavailable)
Stlth   +.........              (no amulet)
HPRegen 0.97/turn               j - +6 ring of strength
MPRegen 0.09/turn               (no ring)

@: marked
A: large, unfitting armour, claws 3, regeneration 1, shaggy fur 1, tough skin 1
a: no special abilities


You were on level 3 of the Dungeon.
You visited 1 branch of the dungeon, and saw 3 of its levels.

You collected 80 gold pieces.

Inventory:

Hand Weapons
 q - the +0 rapier of Irksome Cruel Justice {vorpal, rN+}
   (You found it on level 3 of the Dungeon)

   It inflicts extra damage upon your enemies.
   rN:        It protects you from negative energy.
Missiles
 f - 133 stones (quivered)
 n - 4 large rocks
Armour
 a - a +0 robe (worn)
 b - a +0 kite shield (worn)
Jewellery
 j - a +6 ring of strength (left claw)
 k - an amulet of magic regeneration
Scrolls
 d - 4 scrolls of identify {unknown}
 g - a scroll of silence {unknown}
 h - a scroll of amnesia {unknown}
 i - 2 scrolls of immolation {unknown}
 l - a scroll of fog {unknown}
 m - a scroll of enchant weapon {unknown}
Potions
 c - 2 potions of might
 e - a potion of haste {unknown}
 o - a potion of cancellation {unknown}
 p - a potion of attraction {unknown}


   Skills:
 + Level 3.2 Fighting
 + Level 3.2 Dodging
 + Level 3.2 Shields
 * Level 4.2 Unarmed Combat


You had 4 spell levels left.
You didn't know any spells.
Your spell library contained the following spells:

 Spells                   Type           Power      Damage    Failure   Level
 Summon Guardian Golem    Hex/Summ       0%         N/A       98%         3
 Orb of Destruction       Conj           0%         9d5       100%        7
 Spellforged Servitor     Conj/Summ      0%         N/A       100%        7


Dungeon Overview and Level Annotations

Branches:
Dungeon (3/15)

Altars:

Shops:
D:3 [


Innate Abilities, Weirdness & Mutations

You are too large for most types of armour.
You have claws for hands.
Your natural rate of healing is unusually fast.
You are covered in fur. (AC +1)
You have tough skin. (AC +1)


Message History

You are too injured to fight recklessly!
You are too injured to fight recklessly!
You are too injured to fight recklessly!
You are too injured to fight recklessly!
You are too injured to fight recklessly!
A gnoll comes into view. It is wielding a +0 spear.
The orc barely misses you.
There is an open door here.
The orc throws a boomerang.
The boomerang hits you.
You are too injured to fight recklessly!
You are too injured to fight recklessly!
You are too injured to fight recklessly!
You claw the orc!
You kill the orc!
Things that are here:
a +0 hand axe; a +0 trident; an orc corpse You barely miss the gnoll.
The gnoll shaman hits you with a +0 club.
An orc comes into view. It is wielding a +0 dagger.
The gnoll hits you with a +3 flail!
* * * LOW HITPOINT WARNING * * *
You mangle the gnoll shaman!!
You kill the gnoll shaman!
An orc comes into view. It is wielding a +0 dagger.
The gnoll hits you with a +3 flail!
* * * LOW HITPOINT WARNING * * *
You claw the gnoll!
The gnoll is almost dead.
You block the gnoll's attack.
You closely miss the gnoll.
The gnoll is almost dead.
The gnoll barely misses you.
The gnoll hits you from afar with a +0 spear.
* * * LOW HITPOINT WARNING * * *
There is a huge open gate here.
You scratch the gnoll.
You kill the gnoll!
The orc closely misses you.
The gnoll hits you from afar with a +0 spear!
You die...

.# .# .# .# .# #g############ .#
#.o..gg.'o...+ .# #.......#g...#
##+# #.......#o)..#
...#############@'''#############
.o.#............................#
####≈≈≈≈≈≈≈≈≈≈≈≈....≈≈≈≈≈≈≈≈≈≈≈≈#
≈≈≈≈≈≈≈≈≈≈≈≈≈≈≈≈....≈≈≈≈≈≈≈≈≈≈≈≈≈
≈≈≈≈≈≈≈≈≈≈≈≈≈≈≈≈....≈≈≈≈≈≈≈≈≈≈≈≈≈
.................................
######..).......>..........)†....
#..............#............
######...........................


You could see a gnoll and 2 orcs.

Vanquished Creatures
  2 hounds (D:3)
  A gnoll shaman (D:3)
  6 gnolls (D:3)
  An adder (D:3)
  5 worms
  5 dart slugs
  3 orcs (D:3)
  2 endoplasms
  2 giant cockroaches
  3 hobgoblins
  12 jackals (D:3)
  5 kobolds
  6 quokkas
  4 ball pythons
  7 bats
  2 frilled lizards
  8 goblins
  5 rats
79 creatures vanquished.

Notes
Turn   | Place    | Note
-------+----------+-------------------------------------------
     0 | D:1      | mcbry74 the Troll Fighter began the quest for the Orb.
     0 | D:1      | Reached XP level 1. HP: 22/22 MP: 0/0
   184 | D:1      | Reached XP level 2. HP: 29/29 MP: 1/1
   393 | D:1      | Reached XP level 3. HP: 35/36 MP: 2/2
  1278 | D:2      | Reached skill level 3 in Unarmed Combat
  1348 | D:2      | Noticed a floating eye
  1357 | D:2      | Noticed a golden eye
  1361 | D:2      | Found a faded altar of an unknown god.
  1362 | D:2      | Noticed a golden eye
  1362 | D:2      | Noticed a golden eye
  1873 | D:3      | Reached XP level 4. HP: 44/44 MP: 3/3
  1997 | D:3      | Found Regojuq's Armour Shop.
  2137 | D:3      | Reached XP level 5. HP: 44/53 MP: 4/4
  2216 | D:3      | Identified the +0 rapier of Irksome Cruel Justice {vorpal,
                  | rN+}
  2260 | D:3      | Reached skill level 4 in Unarmed Combat
  2462 | D:3      | HP: 2/53 [gnoll/+3 flail (9)]
  2467 | D:3      | Slain by a gnoll

Illustrated notes

Levels and vault maps discovered:
D:1:      giann_wishing_wells, layout_basic
D:2:      layout_loops_corners, hellmonk_ecumenical_altar_watching_god
D:3:      lemuel_castle_with_subvaults [lemuel_castle_interior_carwin_3],
          layout_basic, serial_shops, shop_statue

Skill      XL: |  1  2  3  4  5 |
---------------+----------------+-----
Unarmed Combat | 3 4 |  4.2
Dodging        | 3 |  3.2
Fighting       | 3 |  3.2
Shields        | 3 |  3.2

Action                   |  1- 3 |  4- 6 || total
-------------------------+-------+-------++-------
Melee: Unarmed           |   112 |    92 ||   204
Armor: Robe              |    40 |    21 ||    61
Dodge: Dodged            |    33 |    28 ||    61
Block: Kite shield       |    30 |    37 ||    67
